 Dungeon Crawl Stone Soup version 0.23.2-1-ga50397a6bc (webtiles) character file.

Game seed: 11669279901126153881

837 Revguard the Skirmisher (level 7, -5/90 HPs)
             Began as a Centaur Fighter on May 1, 2019.
             Slain by an orc warrior
             ... wielding a +0 dire flail
              (18 damage)
             ... on level 7 of the Dungeon.
             The game lasted 00:11:06 (6116 turns).

Revguard the Skirmisher (Centaur Fighter)           Turns: 6116, Time: 00:11:06

Health: -5/90      AC: 23    Str: 27    XL:     7   Next: 66%
Magic:  7/7        EV:  1    Int:  7    God:
Gold:   373        SH:  9    Dex:  9    Spells: 6/6 levels left

rFire    . . .     SeeInvis .   a - +0 war axe
rCold    + . .     Gourm    .   c - +0 shield
rNeg     + + +     Faith    .   (armour currently unavailable)
rPois    +         Spirit   .   (helmet currently unavailable)
rElec    .         Reflect  .   (cloak currently unavailable)
rCorr    .         Harm     .   (gloves currently unavailable)
MR       .....     NoTele   +   (no barding)
Stlth    +.........             (no amulet)
HPRegen  0.25/turn              u - ring of protection from cold
MPRegen  0.10/turn              (no ring)

@: mighty, lethally poisoned (-5 -> -10), tree-form
A: large, strong 1
a: no special abilities


You were on level 7 of the Dungeon.
You were not hungry.
You were a tree.
You visited 1 branch of the dungeon, and saw 7 of its levels.

You collected 373 gold pieces.

Inventory:

Hand Weapons
 a - a +0 war axe (weapon)
Armour
 c - a +0 shield (worn)
 g - a +0 plate armour (melded)
 h - a +0 helmet
 p - a +0 cloak (melded)
Jewellery
 u - a ring of protection from cold (left branch)
Wands
 m - a wand of polymorph (3)
 s - a wand of enslavement (11)
Scrolls
 i - a scroll of random uselessness {unknown}
 j - 7 scrolls of teleportation {unknown}
 k - a scroll of fear {unknown}
 n - 7 scrolls of identify {unknown}
 o - a scroll of magic mapping {unknown}
 q - 3 scrolls of fog {unknown}
 w - a scroll of immolation {unknown}
 x - a scroll of enchant armour {unknown}
Potions
 b - a potion of lignification
 d - a potion of might
 e - 3 potions of agility
 l - 2 potions of heal wounds
 r - a potion of curing
 t - a potion of flight
 v - a potion of magic
Comestibles
 f - 7 rations


   Skills:
 + Level 4.6 Fighting
 + Level 4.6 Axes
 + Level 4.3 Armour
 + Level 1.0 Dodging
 + Level 0.1 Stealth
 + Level 3.2 Shields


You had 6 spell levels left.
You didn't know any spells.
Your spell library was empty.

Dungeon Overview and Level Annotations

Branches:
Dungeon (7/15)
 Temple: D:4-7

Altars:
Dithmenos
Elyvilon
Okawaru
Ru
Xom
The Shining One


Innate Abilities, Weirdness & Mutations

((You have hooves in place of feet.))
((Armour fits poorly on your strangely shaped body.))
((You cover ground very quickly.))
((You have extremely tough skin. (AC +3)))
((You have a pair of small horns on your head.))
Your muscles are strong. (Str +2)


Message History

The orc warrior hits you with a +0 dire flail!
* * * LOW HITPOINT WARNING * * *
The orc wizard gestures wildly while chanting.
The orc wizard blinks!
The orc warrior hits you but does no damage.
You barely miss the orc warrior.
You feel sick.
The orc warrior hits you but does no damage.
You slash the orc warrior!
The orc warrior is moderately wounded.
You feel sick.
The orc wizard mumbles some strange words.
The orc wizard blinks!
The orc warrior hits you with a +0 dire flail.
* * * LOW HITPOINT WARNING * * *
You block the orc wizard's attack.
You feel very mighty all of a sudden.
You feel sick.
The orc wizard hits you but does no damage.
The orc warrior hits you with a +0 dire flail!!
You die...

######.......<#
............###
...........##
..........##
####......##
#####...##
###..# ##o##
##♣# ##oo# #oo#
#§.. ..... ....
... ...


You could see an orc warrior, an orc wizard and 3 orcs.

Vanquished Creatures
  A phantom (D:6)
  A centaur (D:5)
  A bullfrog (D:6)
  A scorpion (D:5)
  A bullfrog zombie (D:6)
  2 orc priests
  2 hounds
  Crazy Yiuf (D:3)
  2 jellies
  An iguana (D:5)
  Ijyb (D:3)
  3 orc wizards
  A worker ant (D:5)
  A worker ant zombie (D:6)
  Robin (D:4)
  3 adders
  A shadow imp (D:5)
  An adder zombie (D:6)
  4 adder skeletons
  2 worms
  3 dart slugs
  3 leopard geckos
  9 orcs
  2 giant cockroaches
  14 goblins
  8 hobgoblins
  3 jackals (D:1)
  4 quokkas
  2 ball pythons
  5 bats
  3 frilled lizards
  A jackal skeleton (D:5)
  4 kobolds
  A leopard gecko zombie (D:6)
  7 rats
  3 fungi (D:3)
103 creatures vanquished.

Notes
Turn   | Place    | Note
-------+----------+-------------------------------------------
     0 | D:1      | Revguard the Centaur Fighter began the quest for the Orb.
     0 | D:1      | Reached XP level 1. HP: 19/19 MP: 1/1
   119 | D:1      | Reached XP level 2. HP: 19/26 MP: 2/2
   739 | D:2      | Found a white marble altar of Elyvilon.
   740 | D:2      | Found a glowing golden altar of the Shining One.
   740 | D:2      | Found a shimmering altar of Xom.
   775 | D:2      | Found an iron altar of Okawaru.
   882 | D:2      | Reached XP level 3. HP: 13/31 MP: 3/3
  1776 | D:3      | Reached skill level 1 in Dodging
  1829 | D:3      | Reached XP level 4. HP: 35/38 MP: 4/4
  2271 | D:3      | Noticed Ijyb
  2281 | D:3      | Paralysed by something for 7 turns
  2294 | D:3      | Paralysed by something for 7 turns
  2319 | D:3      | Killed Ijyb
  2539 | D:3      | Found a runed translucent door.
  2540 | D:3      | Noticed Crazy Yiuf
  2609 | D:3      | Killed Crazy Yiuf
  2741 | D:4      | Reached XP level 5. HP: 33/45 MP: 5/5
  3182 | D:4      | Noticed Robin
  3198 | D:4      | Killed Robin
  3495 | D:4      | Noticed Sigmund
  3528 | D:4      | Noticed Sigmund
  3536 | D:4      | Killed Sigmund the jelly
  3956 | D:5      | Entered Level 5 of the Dungeon
  3964 | D:5      | Reached XP level 6. HP: 43/52 MP: 6/6
  4270 | D:5      | Found a shadowy altar of Dithmenos.
  4494 | D:5      | HP: 2/53 [poisoned by a scorpion]
  4501 | D:5      | HP: 1/53 [poisoned by a scorpion]
  4509 | D:5      | HP: 1/53 [poisoned by a scorpion]
  4935 | D:5      | Reached XP level 7. HP: 39/60 MP: 7/7
  5017 | D:5      | Gained mutation: You have a pair of small horns on your
                  | head. [potion of mutation]
  5017 | D:5      | Gained mutation: Your muscles are strong. (Str +2) [potion
                  | of mutation]
  5320 | D:6      | Found a sacrificial altar of Ru.
  6116 | D:7      | Slain by an orc warrior

Skill      XL: |  1  2  3  4  5  6  7 |
---------------+----------------------+-----
Axes           | 2 3 4 |  4.6
Dodging        | 1 |  1.0
Armour         | 3 4 |  4.3
Fighting       | 4 |  4.6
Shields        | 3 |  3.2
Stealth        | |  0.1

Action                   |  1- 3 |  4- 6 |  7- 9 || total
-------------------------+-------+-------+-------++-------
Melee: War axe           |   119 |   195 |    81 ||   395
       Kick              |    15 |    34 |    20 ||    69
       Headbutt          |       |       |     9 ||     9
Evoke: Wand              |       |     1 |       ||     1
  Use: Potion            |     5 |     6 |     4 ||    15
       Scroll            |       |     1 |       ||     1
 Stab: Invisible         |       |       |     1 ||     1
       Paralysed         |       |       |     1 ||     1
  Eat: Chunk             |     1 |     7 |     2 ||    10
       Ration            |       |     1 |       ||     1
Armor: Scale mail        |    59 |       |       ||    59
       Plate armour      |    37 |   137 |    34 ||   208
       Skin              |       |       |     5 ||     5
Dodge: Dodged            |    23 |     6 |     1 ||    30
Block: Shield            |    66 |    47 |    26 ||   139
       Large shield      |     7 |    17 |       ||    24
